[ AOE2 MATCH · #507337625 ]
UnrankedSpanish vs Persians
Player's team · LOSS
Rival team · WIN
[ REPLAY ANALYSIS · EXTRACTED FROM THE RECORDED GAME ]
Feudal
8:25
Castle
22:17
Imperial
44:48
| APM avg | 56.1 |
| APM peak | 98 |
| eAPM avg | 19.9 |
| Villagers / military | 95 / 102 |
Focus
⚔️ 48.0% · 🌾 52.0%
Conquistador ×57 · Scout Cavalry ×30 · Hulk ×10 · Fishing Ship ×6 · Trebuchet (Packed) ×4 · Militia ×1
Feudal
8:51
Castle
20:16
Imperial
45:04
| APM avg | 56.1 |
| APM peak | 99 |
| eAPM avg | 30.0 |
| Villagers / military | 162 / 287 |
Focus
⚔️ 51.9% · 🌾 48.1%
Scout Cavalry ×89 · Skirmisher ×58 · Archer ×52 · Camel Scout ×30 · Knight ×16 · Fishing Ship ×13
Match map
Initial resources + every placement click. Lines = walls · curves = elevation contours. ◆ gold · ⬟ stone · ● berries · ✦ relic · ◌ wall gap
Your base· Open — unwalled flank
ram0ff's base· Open — unwalled flank
Smoothed initial terrain · ◌ = detected wall gap · hover for details
Inputs per minute
— Ivannovich - - ram0ff
Build order — Ivannovich
First 150 of 351 actions detected
| 0:00 | Queue | Villager (Male) |
| 0:00 | Queue | Villager (Male) |
| 0:02 | Build | House |
| 0:02 | Build | House |
| 0:03 | Build | House |
| 0:08 | Queue | Villager (Male) |
| 0:17 | Queue | Villager (Male) |
| 0:18 | Queue | Villager (Male) |
| 1:23 | Queue | Villager (Male) |
| 1:24 | Queue | Villager (Male) |
| 1:58 | Queue | Villager (Male) |
| 1:58 | Queue | Villager (Male) |
| 2:09 | Queue | Villager (Male) |
| 2:09 | Queue | Villager (Male) |
| 2:37 | Queue | Villager (Male) |
| 2:38 | Queue | Villager (Male) |
| 3:04 | Build | Lumber Camp |
| 3:11 | Queue | Villager (Male) |
| 3:11 | Queue | Villager (Male) |
| 3:11 | Queue | Villager (Male) |
| 3:27 | Queue | Villager (Male) |
| 4:08 | Queue | Villager (Male) |
| 4:36 | Queue | Villager (Male) |
| 4:54 | Queue | Villager (Male) |
| 5:35 | Build | Mill |
| 5:48 | Queue | Villager (Male) |
| 6:15 | Research | Feudal Age |
| 6:15 | Research | Feudal Age |
| 6:41 | Build | House |
| 7:09 | Build | Barracks |
| 7:21 | Queue | Villager (Male) |
| 8:09 | Research | Loom |
| 8:12 | Queue | Villager (Male) |
| 8:25 | Age | Feudal Age |
| 8:26 | Build | Stable |
| 8:37 | Queue | Villager (Male) |
| 8:46 | Queue | Villager (Male) |
| 8:47 | Build | House |
| 8:53 | Queue | Scout Cavalry |
| 9:08 | Queue | Scout Cavalry |
| 9:12 | Queue | Villager (Male) |
| 9:29 | Build | Mining Camp |
| 9:35 | Build | Watch Tower |
| 9:53 | Queue | Scout Cavalry |
| 10:05 | Build | Palisade Wall |
| 10:06 | Build | Palisade Wall |
| 10:06 | Build | Palisade Wall |
| 10:06 | Build | Palisade Wall |
| 10:07 | Build | Palisade Wall |
| 10:31 | Queue | Scout Cavalry |
| 11:10 | Build | House |
| 11:18 | Queue | Villager (Male) |
| 11:30 | Build | Palisade Wall |
| 11:38 | Build | Watch Tower |
| 11:43 | Queue | Villager (Male) |
| 11:46 | Build | Palisade Wall |
| 11:48 | Build | Palisade Wall |
| 11:49 | Build | Palisade Wall |
| 11:56 | Build | Palisade Wall |
| 11:59 | Queue | Villager (Male) |
| 12:05 | Queue | Villager (Male) |
| 12:18 | Build | Farm |
| 12:18 | Build | Farm |
| 12:18 | Build | Farm |
| 12:19 | Build | Farm |
| 12:19 | Build | Farm |
| 12:19 | Build | Farm |
| 12:19 | Build | Farm |
| 12:19 | Build | Farm |
| 12:20 | Build | Farm |
| 12:20 | Build | Farm |
| 12:39 | Build | Palisade Wall |
| 12:40 | Build | Palisade Wall |
| 13:00 | Build | Dock |
| 13:18 | Build | Mining Camp |
| 13:34 | Queue | Hulk |
| 13:40 | Build | House |
| 14:05 | Queue | Villager (Male) |
| 14:07 | Build | Farm |
| 14:20 | Build | Palisade Wall |
| 14:23 | Queue | Villager (Male) |
| 14:37 | Build | Farm |
| 14:37 | Build | Farm |
| 14:38 | Build | Farm |
| 14:39 | Queue | Villager (Male) |
| 14:52 | Build | Watch Tower |
| 14:59 | Build | Palisade Wall |
| 14:59 | Build | Palisade Wall |
| 14:59 | Build | Palisade Wall |
| 15:08 | Build | Palisade Wall |
| 15:10 | Build | Palisade Wall |
| 15:14 | Queue | Villager (Male) ×4 |
| 15:27 | Queue | Militia |
| 16:41 | Queue | Villager (Male) ×5 |
| 16:52 | Build | Market |
| 16:54 | Build | House |
| 17:14 | Queue | Hulk |
| 17:14 | Queue | Hulk |
| 17:14 | Queue | Villager (Male) ×5 |
| 17:27 | Build | Dock |
| 17:46 | Build | Farm |
| 18:01 | Build | House |
| 18:23 | Queue | Hulk |
| 18:25 | Build | House |
| 18:27 | Queue | Villager (Male) |
| 18:55 | Build | Farm |
| 19:09 | Build | Farm |
| 19:38 | Research | Castle Age |
| 19:38 | Research | Castle Age |
| 20:09 | Queue | Villager (Male) |
| 20:18 | Queue | Hulk |
| 20:23 | Queue | Hulk |
| 20:34 | Build | House |
| 20:55 | Queue | Hulk |
| 21:08 | Research | Bloodlines |
| 21:28 | Build | Farm |
| 21:47 | Build | Palisade Wall |
| 21:49 | Build | House |
| 21:53 | Build | Palisade Wall |
| 21:54 | Build | Palisade Wall |
| 22:04 | Build | House |
| 22:06 | Build | Palisade Wall |
| 22:10 | Build | Palisade Wall |
| 22:15 | Build | Palisade Wall |
| 22:16 | Build | Palisade Wall |
| 22:17 | Age | Castle Age |
| 22:29 | Build | Castle |
| 22:41 | Queue | Villager (Male) |
| 22:56 | Build | Palisade Wall |
| 23:30 | Queue | Conquistador |
| 23:30 | Queue | Conquistador |
| 23:30 | Queue | Conquistador |
| 23:37 | Build | Palisade Wall |
| 23:41 | Build | Palisade Wall |
| 23:59 | Queue | Villager (Male) ×3 |
| 24:03 | Build | Palisade Wall |
| 24:23 | Queue | Conquistador |
| 24:23 | Queue | Conquistador |
| 24:30 | Build | Palisade Wall |
| 24:40 | Queue | Villager (Male) |
| 24:58 | Build | Palisade Wall |
| 25:01 | Build | Palisade Wall |
| 25:07 | Queue | Conquistador |
| 25:32 | Queue | Conquistador |
| 25:58 | Queue | Conquistador |
| 26:01 | Build | Farm |
| 26:02 | Build | Farm |
| 26:02 | Build | Farm |
| 26:02 | Build | Farm |
| 26:02 | Build | Farm |
Build order — ram0ff
First 150 of 684 actions detected
| 0:00 | Queue | Villager (Male) |
| 0:00 | Queue | Villager (Male) |
| 0:02 | Build | House |
| 0:02 | Build | House |
| 0:08 | Queue | Villager (Male) |
| 0:08 | Queue | Villager (Male) |
| 0:08 | Queue | Villager (Male) |
| 1:28 | Queue | Villager (Male) |
| 1:54 | Build | Lumber Camp |
| 2:17 | Queue | Villager (Male) |
| 2:18 | Queue | Villager (Male) |
| 2:53 | Queue | Villager (Male) |
| 2:53 | Queue | Villager (Male) |
| 3:14 | Build | House |
| 3:37 | Build | Dock |
| 3:58 | Queue | Villager (Male) |
| 4:10 | Queue | Villager (Male) |
| 4:10 | Queue | Villager (Male) |
| 4:40 | Queue | Fishing Ship |
| 4:45 | Build | House |
| 5:08 | Queue | Villager (Male) |
| 5:08 | Queue | Villager (Male) |
| 5:08 | Queue | Villager (Male) |
| 5:20 | Queue | Fishing Ship |
| 5:37 | Build | Palisade Wall |
| 5:48 | Research | Loom |
| 6:02 | Queue | Fishing Ship |
| 6:44 | Queue | Fishing Ship |
| 6:48 | Research | Feudal Age |
| 7:26 | Queue | Fishing Ship |
| 7:44 | Build | Mining Camp |
| 7:56 | Build | House |
| 8:01 | Queue | Fishing Ship |
| 8:40 | Build | Dock |
| 8:51 | Age | Feudal Age |
| 8:54 | Queue | Villager (Male) |
| 8:56 | Research | Double-Bit Axe |
| 9:05 | Build | Palisade Wall |
| 9:18 | Queue | Villager (Male) |
| 9:32 | Queue | Villager (Male) |
| 9:38 | Build | House |
| 9:49 | Build | Outpost |
| 9:52 | Queue | Villager (Male) |
| 9:54 | Build | Barracks |
| 10:07 | Build | Palisade Wall |
| 10:09 | Build | Palisade Wall |
| 10:21 | Build | House |
| 10:23 | Build | Barracks |
| 10:29 | Build | Palisade Wall |
| 10:31 | Build | Palisade Wall |
| 10:32 | Queue | Villager (Male) |
| 10:33 | Build | Palisade Wall |
| 10:34 | Build | Palisade Wall |
| 10:49 | Build | House |
| 10:51 | Build | Palisade Wall |
| 10:55 | Build | Palisade Wall |
| 10:56 | Build | Palisade Wall |
| 11:00 | Queue | Spearman |
| 11:09 | Build | House |
| 11:15 | Queue | Fishing Ship |
| 11:16 | Queue | Fishing Ship |
| 11:16 | Queue | Villager (Male) |
| 11:24 | Build | House |
| 11:26 | Build | Palisade Wall |
| 11:27 | Build | Palisade Wall |
| 11:28 | Build | Palisade Wall |
| 11:36 | Queue | Villager (Male) |
| 11:37 | Queue | Spearman |
| 11:59 | Queue | Spearman |
| 12:00 | Queue | Villager (Male) |
| 12:08 | Build | Lumber Camp |
| 12:25 | Queue | Villager (Male) |
| 12:26 | Queue | Spearman |
| 12:33 | Build | Palisade Wall |
| 12:44 | Build | Outpost |
| 12:48 | Queue | Villager (Male) |
| 13:05 | Queue | Villager (Male) |
| 13:09 | Build | House |
| 13:10 | Build | Palisade Wall |
| 13:24 | Queue | Spearman |
| 13:25 | Queue | Villager (Male) |
| 13:39 | Queue | Fishing Ship |
| 13:39 | Queue | Fishing Ship |
| 13:43 | Queue | Fishing Ship |
| 13:47 | Research | Fishing Lines |
| 13:50 | Build | House |
| 13:51 | Build | Palisade Wall |
| 13:52 | Build | Palisade Wall |
| 13:54 | Build | Palisade Wall |
| 13:56 | Build | Palisade Wall |
| 13:58 | Build | Palisade Wall |
| 14:00 | Build | Palisade Wall |
| 14:09 | Queue | Villager (Male) |
| 14:10 | Queue | Villager (Male) |
| 14:27 | Build | Mining Camp |
| 14:27 | Queue | Villager (Male) |
| 14:35 | Build | Palisade Wall |
| 14:45 | Build | Outpost |
| 14:48 | Queue | Villager (Male) |
| 14:48 | Queue | Villager (Male) |
| 15:15 | Queue | Villager (Male) |
| 15:17 | Build | Archery Range |
| 15:38 | Queue | Fishing Ship |
| 15:52 | Build | Mill |
| 16:11 | Build | Palisade Wall |
| 16:13 | Build | Palisade Wall |
| 16:25 | Build | Palisade Wall |
| 16:32 | Queue | Villager (Male) |
| 16:41 | Queue | Archer |
| 16:51 | Queue | Hulk |
| 17:14 | Queue | Villager (Male) |
| 17:23 | Build | Blacksmith |
| 17:42 | Queue | Villager (Male) |
| 17:47 | Research | Castle Age |
| 17:59 | Queue | Hulk |
| 18:15 | Queue | Hulk |
| 18:26 | Research | Gold Mining |
| 18:29 | Build | Stable |
| 18:44 | Queue | Villager (Male) |
| 18:46 | Queue | Hulk |
| 19:06 | Research | Bloodlines |
| 19:40 | Research | Scale Barding Armor |
| 19:51 | Queue | Hulk |
| 19:59 | Queue | Hulk |
| 20:02 | Build | House |
| 20:10 | Build | Stable |
| 20:16 | Age | Castle Age |
| 20:16 | Research | Forging |
| 20:18 | Queue | Knight |
| 20:18 | Queue | Knight |
| 20:21 | Research | Bow Saw |
| 20:36 | Queue | Villager (Male) |
| 20:44 | Queue | Knight |
| 20:47 | Build | Farm |
| 20:47 | Build | Farm |
| 20:47 | Build | Farm |
| 20:47 | Build | Farm |
| 20:48 | Build | Farm |
| 20:56 | Queue | Villager (Male) |
| 21:12 | Queue | Villager (Male) |
| 21:14 | Queue | Knight |
| 21:16 | Queue | Knight |
| 21:28 | Build | House |
| 21:44 | Build | House |
| 21:46 | Build | Palisade Wall |
| 21:47 | Build | Palisade Wall |
| 21:55 | Queue | Villager (Male) |
| 21:56 | Queue | Knight |
| 21:56 | Queue | Knight |
| 22:04 | Queue | Knight |
Match timeline
| 3:37 | ram0ff · first_building Dock |
| 5:37 | ram0ff · wall_segment Palisade Wall x1 |
| 7:09 | Ivannovich · first_building Barracks |
| 8:25 | Ivannovich · age_up feudal |
| 8:26 | Ivannovich · first_building Stable |
| 8:51 | ram0ff · age_up feudal |
| 9:05 | ram0ff · wall_segment Palisade Wall x12 |
| 9:54 | ram0ff · first_building Barracks |
| 10:05 | Ivannovich · wall_segment Palisade Wall x1 |
| 10:06 | Ivannovich · wall_segment Palisade Wall x1 |
| 10:06 | Ivannovich · wall_segment Palisade Wall x1 |
| 10:06 | Ivannovich · wall_segment Palisade Wall x2 |
| 10:07 | Ivannovich · wall_segment Palisade Wall x1 |
| 10:07 | ram0ff · wall_segment Palisade Wall x1 |
| 10:09 | ram0ff · wall_segment Palisade Wall x1 |
| 10:29 | ram0ff · wall_segment Palisade Wall x1 |
| 10:31 | ram0ff · wall_segment Palisade Wall x1 |
| 10:33 | ram0ff · wall_segment Palisade Wall x1 |
| 10:34 | ram0ff · wall_segment Palisade Wall x1 |
| 10:51 | ram0ff · wall_segment Palisade Wall x1 |
| 10:55 | ram0ff · wall_segment Palisade Wall x1 |
| 10:56 | ram0ff · wall_segment Palisade Wall x1 |
| 11:26 | ram0ff · wall_segment Palisade Wall x1 |
| 11:27 | ram0ff · wall_segment Palisade Wall x1 |
| 11:28 | ram0ff · wall_segment Palisade Wall x1 |
| 11:30 | Ivannovich · wall_segment Palisade Wall x1 |
| 11:46 | Ivannovich · wall_segment Palisade Wall x1 |
| 11:48 | Ivannovich · wall_segment Palisade Wall x1 |
| 11:49 | Ivannovich · wall_segment Palisade Wall x1 |
| 11:56 | Ivannovich · wall_segment Palisade Wall x1 |
| 12:33 | ram0ff · wall_segment Palisade Wall x3 |
| 12:39 | Ivannovich · wall_segment Palisade Wall x1 |
| 12:40 | Ivannovich · wall_segment Palisade Wall x2 |
| 13:00 | Ivannovich · first_building Dock |
| 13:10 | ram0ff · wall_segment Palisade Wall x1 |
| 13:51 | ram0ff · wall_segment Palisade Wall x1 |
| 13:52 | ram0ff · wall_segment Palisade Wall x1 |
| 13:54 | ram0ff · wall_segment Palisade Wall x1 |
| 13:56 | ram0ff · wall_segment Palisade Wall x1 |
| 13:58 | ram0ff · wall_segment Palisade Wall x1 |
| 14:00 | ram0ff · wall_segment Palisade Wall x1 |
| 14:20 | Ivannovich · wall_segment Palisade Wall x1 |
| 14:35 | ram0ff · wall_segment Palisade Wall x1 |
| 14:59 | Ivannovich · wall_segment Palisade Wall x1 |
| 14:59 | Ivannovich · wall_segment Palisade Wall x1 |
| 14:59 | Ivannovich · wall_segment Palisade Wall x2 |
| 15:08 | Ivannovich · wall_segment Palisade Wall x1 |
| 15:10 | Ivannovich · wall_segment Palisade Wall x1 |
| 15:17 | ram0ff · first_building Archery Range |
| 16:11 | ram0ff · wall_segment Palisade Wall x1 |
| 16:13 | ram0ff · wall_segment Palisade Wall x1 |
| 16:25 | ram0ff · wall_segment Palisade Wall x1 |
| 18:29 | ram0ff · first_building Stable |
| 19:37 | Ivannovich · first_market_sell 100 wood |
| 20:16 | ram0ff · age_up castle |
| 21:46 | ram0ff · wall_segment Palisade Wall x1 |
| 21:47 | ram0ff · wall_segment Palisade Wall x1 |
| 21:47 | Ivannovich · wall_segment Palisade Wall x1 |
| 21:53 | Ivannovich · wall_segment Palisade Wall x1 |
| 21:54 | Ivannovich · wall_segment Palisade Wall x1 |
| 22:06 | Ivannovich · wall_segment Palisade Wall x1 |
| 22:10 | Ivannovich · wall_segment Palisade Wall x1 |
| 22:15 | Ivannovich · wall_segment Palisade Wall x1 |
| 22:16 | Ivannovich · wall_segment Palisade Wall x1 |
| 22:17 | Ivannovich · age_up castle |
| 22:25 | Ivannovich · first_market_buy 100 stone |
| 22:29 | Ivannovich · first_building Castle |
| 22:56 | Ivannovich · wall_segment Palisade Wall x1 |
| 23:37 | Ivannovich · wall_segment Palisade Wall x1 |
| 23:41 | Ivannovich · wall_segment Palisade Wall x1 |
| 24:03 | Ivannovich · wall_segment Palisade Wall x1 |
| 24:30 | Ivannovich · wall_segment Palisade Wall x1 |
| 24:58 | Ivannovich · wall_segment Palisade Wall x1 |
| 25:01 | Ivannovich · wall_segment Palisade Wall x1 |
| 25:15 | ram0ff · first_building Monastery |
| 27:10 | ram0ff · first_building Siege Workshop |
| 28:46 | ram0ff · first_building Castle |
| 44:48 | Ivannovich · age_up imperial |
| 45:04 | ram0ff · age_up imperial |
| 50:58 | Ivannovich · first_building Archery Range |
| 56:21 | Ivannovich · resign |
[ AI ANALYSIS · 1 CREDIT ]
What really happened in this match?
Wolo.gg analyzes every decision: build order, eco, micro, common mistakes by bracket. Personalized analysis on WhatsApp or Discord in 30 seconds.
Civ guide
Spanish
Perfil
Jugador #10002548